 Dungeon Crawl Stone Soup version 0.29.1-12-g30fa7ad0bf (webtiles) character file.

Game seed: 6635607765355629465

403 javelincjr the Chopper (level 6, -1/56 HPs)
             Began as a Minotaur Berserker on Jan 11, 2023.
             Was a Priest of Trog.
             Slain by an adder (2 damage)
             ... on level 5 of the Dungeon.
             The game lasted 00:14:08 (3680 turns).

javelincjr the Chopper (Minotaur Berserker)         Turns: 3680, Time: 00:14:08

Health: -1/56      AC:  2    Str: 24    XL:     6   Next: 55%
Magic:  5/5        EV: 12    Int:  4    God:    Trog [***...]
Gold:   169        SH:  0    Dex:  9    Spells: 5/5 levels left

rFire   . . .      SeeInvis .   n - +2 long sword (vamp)
rCold   . . .      Faith    .   (no shield)
rNeg    . . .      Spirit   .   b - +0 animal skin
rPois   .          Reflect  .   (helmet restricted)
rElec   .          Harm     .   (no cloak)
rCorr   .          Rampage  .   (no gloves)
Will    .....                   (no boots)
Stlth   +.........              (no amulet)
HPRegen 0.18/turn               (no ring)
MPRegen 0.09/turn               (no ring)

@: on berserk cooldown, slowed, very slow
A: horns 2, retaliatory headbutt
a: Renounce Religion, Berserk, Trog's Hand


You were on level 5 of the Dungeon.
You worshipped Trog.
Trog was most pleased with you.
You visited 1 branch of the dungeon, and saw 5 of its levels.

You collected 169 gold pieces.

Inventory:

Hand Weapons
 a - a +0 hand axe
 n - a +2 vampiric long sword (weapon)
 p - a +1 flail of protection
Missiles
 m - 6 poisoned darts (quivered)
Armour
 b - a +0 animal skin (worn)
Wands
 i - a wand of polymorph (6)
Scrolls
 c - a scroll of amnesia {unknown}
 d - 2 scrolls of magic mapping {unknown}
 f - 3 scrolls of fear {unknown}
 g - a scroll of noise {unknown}
 h - a scroll of blinking {unknown}
 j - a scroll of vulnerability {unknown}
 k - 2 scrolls of identify {unknown}
 l - a scroll of silence {unknown}
Potions
 e - 2 potions of might {unknown}
 o - a potion of degeneration {unknown}


   Skills:
 + Level 5.6 Fighting
 + Level 0.1 Long Blades
 + Level 6.9 Axes
 + Level 2.8 Armour
 + Level 3.5 Dodging
 + Level 0.7 Stealth


You had 5 spell levels left.
You didn't know any spells.
Your spell library was empty.

Dungeon Overview and Level Annotations

Branches:
Dungeon (5/15)
 Temple: D:4-7

Altars:


Innate Abilities, Weirdness & Mutations

You have a pair of horns on your head.
You reflexively headbutt those who attack you in melee.


Message History

You hit the iguana.
You feel better.
The iguana is almost dead.
The adder barely misses you. You furiously retaliate!
You headbutt the adder, but do no damage.
The iguana barely misses you. The gnoll closely misses you.
The adder misses you. The iguana bites you!
The gnoll hits you from afar with a +0 spear.
A red film seems to cover your vision as you go berserk!
You feel yourself moving faster!
You feel mighty! The adder bites you but does no damage. The iguana bites you.
The gnoll barely misses you.
You slash the iguana!
You feel better.
You kill the iguana!
Trog accepts your kill. The adder bites you.
You are poisoned.
The adder poisons you!
You barely miss the adder.
You feel sick. The adder bites you. The gnoll hits you with a +0 club!
* * * LOW HITPOINT WARNING * * *
The gnoll hits you from afar with a +0 spear!
* * * LOW HITPOINT WARNING * * *
The adder barely misses you.
You are too berserk!
You feel sick.
You feel a strong urge to attack something.
You feel sick.
You are no longer berserk.
You are exhausted.
You feel yourself slow down. The gnoll attacks as you move away!
The gnoll barely misses you. The adder attacks as you move away!
The adder misses you.
You feel sick. The adder bites you.
* * * LOW HITPOINT WARNING * * *
You closely miss the adder.
* * * LOW HITPOINT WARNING * * *
You feel sick.
You are no longer poisoned.
The adder bites you.
You die...

#.#+##.... ..
#........# .#
#.###.......# .#
............# .#
..#.# #.......# .#
..#.# #.......# .#
##.#.# #......g##.#
.#.#.# #...†.ggS@.#
.#.#.###...########
...........#
♣♣...♣♣♣...# #♣.♣#
#♣..##### ♣.♣
♣..!...# #♣.♣
♣......# ♣♣.♣.♣
♣.).....#
..♣♣♣.....g...g#


You could see 3 gnolls and an adder.

Vanquished Creatures
  Blork the orc (D:4)
  A necrophage (D:4)
  A howler monkey (D:4)
  A jelly (D:4)
  An iguana (D:5)
  2 orc wizards (D:5)
  5 adders
  3 worms
  A dart slug (D:1)
  7 orcs
  7 endoplasms
  6 giant cockroaches
  6 goblins
  5 hobgoblins
  8 kobolds
  2 quokkas (D:1)
  5 ball pythons
  6 bats (D:1)
  3 frilled lizards
  5 rats
76 creatures vanquished.

Notes
Turn   | Place    | Note
-------+----------+-------------------------------------------
     0 | D:1      | javelincjr the Minotaur Berserker began the quest for the
                  | Orb.
     0 | D:1      | Reached XP level 1. HP: 19/19 MP: 0/0
   338 | D:1      | Reached XP level 2. HP: 18/27 MP: 1/1
   579 | D:1      | Reached skill level 4 in Axes
   650 | D:1      | Found a faded altar of an unknown god.
   771 | D:1      | Reached ** piety under Trog
   902 | D:1      | Reached XP level 3. HP: 32/33 MP: 2/2
  1886 | D:2      | Reached XP level 4. HP: 40/40 MP: 3/3
  2180 | D:2      | Reached skill level 5 in Axes
  2441 | D:3      | You fall into a shaft and drop 1 floor!
  2445 | D:4      | Noticed a necrophage
  2458 | D:4      | Killed a necrophage
  2459 | D:4      | Reached XP level 5. HP: 47/47 MP: 4/4
  2904 | D:4      | Noticed Blork the orc
  2914 | D:4      | Killed Blork the orc
  2915 | D:4      | Reached skill level 5 in Fighting
  2915 | D:4      | Reached skill level 6 in Axes
  2915 | D:4      | Reached XP level 6. HP: 56/56 MP: 5/5
  3555 | D:5      | Entered Level 5 of the Dungeon
  3656 | D:5      | Reached *** piety under Trog
  3680 | D:5      | HP: 1/56 [poisoned by an adder]
  3680 | D:5      | Slain by an adder

Illustrated notes

Levels and vault maps discovered:
D:1:      lemuel_arrival_cross, layout_rooms, basic_ecumenical_altar
D:2:      layout_loops_corners, wad_floor_pattern_untrapped,
          chequers_mini_garden, minmay_misc_feat_tower, kennysheep_small_spiral
D:3:      layout_rooms, uniq_crazy_yiuf_cottage, uniq_sigmund, uniq_terence
D:4:      layout_loops_corners, uniq_blork_the_orc
D:5:      minmay_octagon_keep, layout_basic, minmay_stone_trees_medium,
          nicolae_wormholes, uniq_eustachio

Skill      XL: |  1  2  3  4  5 |
---------------+----------------+-----
Fighting       | 4 5 |  5.6
Axes           | 4 5 6 |  6.9
Dodging        | 3 |  3.5
Long Blades    | |  0.1
Armour         | |  2.8
Stealth        | |  0.7

Action                   |  1- 3 |  4- 6 || total
-------------------------+-------+-------++-------
Melee: Hand axe          |   107 |    55 ||   162
       Punch             |     1 |       ||     1
       Headbutt          |    12 |    14 ||    26
       Long sword        |       |    32 ||    32
       Flail             |       |     6 ||     6
Throw: Dart              |       |     1 ||     1
Invok: Berserk           |       |     4 ||     4
Armor: Animal skin       |    23 |    10 ||    33
Dodge: Dodged            |    69 |    66 ||   135
